 Dungeon Crawl Stone Soup version 0.31-a0-175-g9f7f995f2b (webtiles) character file.

Game seed: 3629234781658523087

879 qw the Skirmisher (level 8, -2/49 HPs)
             Began as a Gargoyle Hunter on June 17, 2023.
             Slain by Duvessa
             ... wielding a +0 short sword
              (7 damage)
             ... on level 6 of the Dungeon.
             The game lasted 00:02:02 (5027 turns).

qw the Skirmisher (Gargoyle Hunter)                 Turns: 5027, Time: 00:02:03

Health: -2/49      AC: 15    Str: 15    XL:     8   Next: 5%
Magic:  8/8        EV: 11    Int: 10    God:
Gold:   264        SH:  0    Dex: 21    Spells: 7/7 levels left

rFire   . . .        Y - +0 shortbow
rCold   . . .        (shield currently unavailable)
rNeg    + + .        g - +0 ring mail
rPois   inf          (no helmet)
rElec   +            b - +0 cloak
rCorr   .            d - +2 pair of gloves
SInv    .            (no boots)
Will    .....        (no amulet)
Stlth   +            l - +6 ring of dexterity
HPRegen 0.28/turn    m - ring of positive energy
MPRegen 0.11/turn

%: no passive effects
@: no status effects
A: sickness immunity, AC +5, negative energy resistance 1, electricity
resistance, torment resistance 1, petrification resistance
a: no special abilities


You were on level 6 of the Dungeon.
You visited 1 branch of the dungeon, and saw 6 of its levels.

You collected 264 gold pieces.


Innate Abilities, Weirdness & Mutations

You are immune to sickness and miasma.
Your stone body is resilient. (AC +5)
You are immune to poison.
You resist negative energy. (rN+)
You are resistant to electric shocks. (rElec)
You are resistant to unholy torment.
You are immune to petrification.


   Skills:
 - Level 5.0 Fighting
 + Level 8.1 Ranged Weapons
 - Level 2.7 Armour
 - Level 2.2 Dodging
 - Level 1.1 Stealth


You had 7 spell levels left.
You didn't know any spells.
Your spell library was empty.

Inventory:

Hand Weapons
 Y - a +0 shortbow (weapon)
Armour
 b - a +0 cloak (worn)
 d - a +2 pair of gloves (worn)
 g - a +0 ring mail (worn)
Jewellery
 l - a +6 ring of dexterity (left hand)
 m - a ring of positive energy (right hand)
Scrolls
 e - a scroll of identify
Potions
 a - 3 potions of curing
 c - a potion of attraction
 f - 2 potions of might
 h - a potion of degeneration {unknown}
 i - a potion of haste
 k - a potion of enlightenment {unknown}

Dungeon Overview and Level Annotations

Branches:
Dungeon (6/15)
 Temple: D:4-7

Altars:

Shops:
D:4 :

Annotations:
D:5 exclusion: 2 electric eels
D:6 Dowan, Duvessa


Message History

The arrow hits Duvessa but does no damage.
Duvessa is heavily wounded.
Duvessa hits you with a +0 short sword. Dowan closely misses you.
You shoot an arrow. The arrow hits Duvessa!
Duvessa is severely wounded.
Duvessa hits you but does no damage. x2; Dowan completely misses you.
An orc comes into view. It is wielding a +0 short sword.
You shoot an arrow. The arrow completely misses Duvessa.
The orc shouts!
Duvessa closely misses you. Dowan closely misses you.
Duvessa closely misses you.
You shoot an arrow. The arrow barely misses Duvessa.
Duvessa hits you with a +0 short sword. Dowan hits you but does no damage.
You shoot an arrow. The arrow hits Duvessa.
Duvessa is almost dead.
Duvessa hits you with a +0 short sword. Dowan closely misses you.
Duvessa hits you but does no damage.
You shoot an arrow.
The arrow hits Duvessa but does no damage.
Duvessa is almost dead.
Duvessa hits you but does no damage. Dowan casts a spell at you.
The puff of frost hits you. Duvessa hits you but does no damage.
You shoot an arrow.
The arrow hits Duvessa but does no damage.
Duvessa is almost dead.
Dowan completely misses you. Duvessa closely misses you.
You shoot an arrow.
The arrow hits Duvessa but does no damage.
Duvessa is almost dead.
Duvessa hits you but does no damage.
Dowan points at you and mumbles some strange words.
You resist with some effort. Duvessa hits you with a +0 short sword.
Dowan hits you but does no damage.
You shoot an arrow. The arrow closely misses Duvessa.
Duvessa says, "When magic and the sword combine, nothing stands against them."
Duvessa hits you with a +0 short sword.
Dowan hits you with a +2 dagger of venom.
Duvessa hits you with a +0 short sword!
You die...

### ####### #.# ......#
#.# #####.# #.. #.# #.#
#####.###.# ........#.#
#
#########.########o#####
# #>............@eS.....
# #.#############e...##.
###........ o......
........... .....##
########### .....#
.....# #....+ ####.#.#
#...# #.#.# #### #.#.#


You could see Duvessa (fast), Dowan, an adder and 2 orcs.

Vanquished Creatures
  2 centaurs
  3 scorpions
  4 electric eels (D:5)
  2 hounds (D:4)
  3 orc wizards (D:4)
  4 iguanas
  A mummy (D:4)
  4 adders
  A white imp (D:6)
  4 worms (D:2)
  2 dart slugs
  4 orcs
  10 ball pythons
  5 bats
  7 endoplasms
  A giant cockroach (D:1)
  7 goblins
  7 hobgoblins
  3 jackals (D:2)
  3 kobolds
  7 quokkas
  6 frilled lizards
  A goblin zombie (D:4)
  A hobgoblin zombie (D:4)
  8 rats
100 creatures vanquished.

Notes
Turn   | Place    | Note
-------+----------+-------------------------------------------
     0 | D:1      | qw the Gargoyle Hunter began the quest for the Orb.
     0 | D:1      | Reached XP level 1. HP: 12/12 MP: 1/1
     0 | D:1      | 0 ||| qw: Version: 0.3-a-2-g5ab2908
     0 | D:1      | 0 ||| qw: Game counter: 174
     0 | D:1      | 0 ||| qw: Always use a shield: true
     0 | D:1      | 0 ||| qw: God list: Okawaru
     0 | D:1      | 0 ||| qw: Allow faded altars: false
     0 | D:1      | 0 ||| qw: Do Orc after D:15 true
     0 | D:1      | 0 ||| qw: Do second Lair branch before Depths: true
     0 | D:1      | 0 ||| qw: Lair rune preference: random
     0 | D:1      | 0 ||| qw: Plans: Normal, Zot:1-4, Slime:5, God:TSO, Crypt,
                  | Tomb, Abyss, Pan, Hells, Win
     0 | D:1      | 0 ||| PLANNING D:1-11
    53 | D:1      | Reached XP level 2. HP: 17/17 MP: 2/2
   435 | D:1      | Reached XP level 3. HP: 21/21 MP: 3/3
   483 | D:1      | Reached skill level 5 in Ranged Weapons
   927 | D:1      | 927 ||| UPGRADING to +0 pair of gloves.
   932 | D:1      | 932 ||| UPGRADING to +0 ring mail.
   942 | D:1      | 942 ||| DROPPING +0 leather armour.
   943 | D:1      | 943 ||| READING scroll labelled ENGAVY PYD.
   944 | D:1      | 944 ||| READING 3 scrolls labelled MAOQIOZ MUIR.
   945 | D:1      | 945 ||| READING scroll labelled SESSOU NUIJOO.
   946 | D:1      | 946 ||| READING scroll labelled LUEKLI VOUGIOW.
   947 | D:1      | 947 ||| DROPPING scroll of butterflies.
   948 | D:1      | 948 ||| DROPPING 2 scrolls of amnesia.
  1078 | D:2      | Reached skill level 1 in Armour
  1306 | D:2      | Reached XP level 4. HP: 26/27 MP: 4/4
  1390 | D:2      | Reached skill level 3 in Fighting
  1943 | D:2      | 1943 ||| UPGRADING to +0 cloak.
  1948 | D:2      | 1948 ||| READING 2 scrolls labelled LAOGOGRUHEATS.
  1949 | D:2      | 1949 ||| READING scroll labelled WUIPHAR XUYJ.
  1950 | D:2      | 1950 ||| READING 2 scrolls of identify.
  1950 | D:2      | 1950 ||| IDENTIFYING bubbling blue potion
  1951 | D:2      | 1951 ||| DROPPING scroll of noise.
  1976 | D:3      | 1976 ||| STAIRDANCE
  2135 | D:3      | Found a faded altar of an unknown god.
  2195 | D:3      | You fall into a shaft and drop 3 floors!
  2204 | D:5      | Entered Level 5 of the Dungeon
  2319 | D:5      | Reached XP level 5. HP: 23/32 MP: 5/5
  2486 | D:5      | 2486 ||| DRINKING 3 sapphire potions.
  2497 | D:4      | 2497 ||| PLANNING OSSUARY
  2600 | D:4      | Found Ithroary's Book Emporium.
  2791 | D:4      | Noticed a centaur
  2800 | D:4      | Killed a centaur
  2801 | D:4      | Reached skill level 6 in Ranged Weapons
  2801 | D:4      | Reached XP level 6. HP: 29/37 MP: 6/6
  2832 | D:4      | 2832 ||| DRINKING 2 potions of curing.
  2832 | D:4      | 2832 ||| (to cure confusion)
  3118 | D:4      | 3118 ||| RIP OSSUARY
  3125 | D:4      | 3125 ||| PLANNING D:1-11
  3128 | D:4      | Reached skill level 7 in Ranged Weapons
  3128 | D:4      | 3128 ||| UPGRADING to +6 ring of dexterity.
  3129 | D:4      | 3129 ||| UPGRADING to ring of positive energy.
  3130 | D:4      | 3130 ||| READING scroll labelled CEILAMOKHI.
  3131 | D:4      | 3131 ||| READING 2 scrolls of identify.
  3131 | D:4      | 3131 ||| IDENTIFYING white potion
  3132 | D:4      | 3132 ||| DROPPING potion of brilliance.
  3203 | D:3      | 3203 ||| READING 2 scrolls of enchant armour.
  3203 | D:3      | 3203 ||| ENCHANTING +0 pair of gloves.
  3204 | D:3      | 3204 ||| READING scroll of enchant armour.
  3204 | D:3      | 3204 ||| ENCHANTING +1 pair of gloves.
  3350 | D:3      | Reached XP level 7. HP: 43/43 MP: 7/7
  3571 | D:3      | 3571 ||| DRINKING 2 puce potions.
  4018 | D:5      | 4018 ||| Stepping ~*~*~tactically~*~*~ (water).
  4105 | D:5      | 4105 ||| FLEEEEING.
  4106 | D:5      | 4106 ||| FLEEEEING.
  4107 | D:5      | 4107 ||| FLEEEEING.
  4263 | D:5      | Reached skill level 8 in Ranged Weapons
  4313 | D:5      | 4313 ||| DRINKING 2 emerald potions.
  4871 | D:5      | 4871 ||| READING scroll labelled NERHUIMULA.
  4941 | D:6      | Reached XP level 8. HP: 48/48 MP: 8/8
  4999 | D:6      | Noticed Duvessa
  5005 | D:6      | Noticed Dowan
  5026 | D:6      | HP: 10/49 [Duvessa/+0 short sword (5)]
  5027 | D:6      | Slain by Duvessa

Levels and vault maps discovered:
D:1:      wander_arrival_desolate, layout_basic, minmay_tetromino_i2
D:2:      layout_basic, chequers_serial_rivers_micro_e
D:3:      layout_loops_ring, hellmonk_ecumenical_altar_run_dry
D:4:      layout_loops_cross, serial_shops, nicolae_shop_pleasant_corner_grove,
          nicolae_ossuary_entry_giza, minmay_a_box_with_orc_wizards_in_it
D:5:      cheibrodos_two_vegetables, layout_cave_pods, lemuel_flamethrower_2
D:6:      layout_basic, grunt_temple_overflow_champion_of_chaos, fedhas_altar_3,
          item_on_display_a, uniq_duvessa

Skill      XL: |  1  2  3  4  5  6  7  8 |
---------------+-------------------------+-----
Ranged Weapons | 5 6 7 8 |  8.1
Armour         | 1 2 |  2.7
Fighting       | 3 4 5 |  5.0
Dodging        | 2 |  2.2
Stealth        | |  1.1

Action                     |  1- 3 |  4- 6 |  7- 9 || total
---------------------------+-------+-------+-------++-------
   Fire: Shortbow          |   115 |   183 |    89 ||   387
    Use: Scroll            |     4 |     7 |     1 ||    12
         Potion            |       |     2 |     2 ||     4
 Armour: Leather armour    |    15 |       |       ||    15
         Ring mail         |     5 |    58 |    25 ||    88
  Dodge: Dodged            |    22 |    39 |    26 ||    87

Table legend:
 A = Non-vault XP
 B = Vault XP
 C = Vault XP percentage of total XP
 D = Non-vault monster count
 E = Vault monster count
 F = Vault count percentage of total count
                 A         B        C        D         E       F
            +---------+---------+-------+---------+---------+-------
      Total |     763 |     494 |  39.3 |      86 |      14 |  14.0
            +---------+---------+-------+---------+---------+-------
        D:1 |      45 |       1 |   2.2 |      26 |       1 |   3.7
        D:2 |      74 |       0 |   0.0 |      22 |       0 |   0.0
        D:3 |      96 |       0 |   0.0 |      12 |       0 |   0.0
        D:4 |     292 |     124 |  29.8 |      19 |       6 |  24.0
        D:5 |     124 |     369 |  74.8 |       4 |       7 |  63.6
        D:6 |     132 |       0 |   0.0 |       3 |       0 |   0.0
            +---------+---------+-------+---------+---------+-------
